Unix NetHack Version 5.0.0-0 post-release - last build Jun 10 2026 00:39:30 (3ee93aec679c4c4259841fe613dc97188e26a321,branch:main).

Game began 2026-06-17 00:34:16, ended 2026-06-17 00:42:52.

DaveT, lawful male human Priest

                                                             ----
                                                            --..|        ----
                                                            |...---    ---..|
                                                            ......|    |..).|
                                                            ......--   |..^--
                                                            .......|   |...|
                                                            .*..*.--   |.---
                                                            .<...`|   --.|
                                                            --....----|..|
                                                             ---...|..|..--
                                                        --- ----..........|
                                                       --.---.............|
                                                       |......--........---
                                                    ----................|
                                                    .........oo.........|
                                                   .-.--.....@o%........--
                                                   .......---............|
                                                  ....---.| --*...    -..|
                                                  ........|  |....    ----
                                                  ---------  ---..
                                                               ---
DaveT the Adept              St:15 Dx:11 Co:11 In:10 Wi:16 Ch:10  Lawful
Dlvl:4  $:127 HP:0(42) Pw:54(62) AC:0  Xp:6 T:1627  Burdened

Latest messages:
 You kill the Uruk-hai!
 You hit the Uruk-hai!
 The Uruk-hai turns to flee.
 A poisoned crude arrow misses you.
 A poisoned crude arrow misses you.
 You kill the Uruk-hai!
 A poisoned crude arrow misses you.
 You are hit by a poisoned crude arrow!
 You feel very sick!
 Your movements are slowed slightly because of your load.
 You feel weaker!
 In what direction? .
 You feel better.
 In what direction? .
 You feel better.
 You miss the Uruk-hai.
 The Uruk-hai hits!
 The Uruk-hai hits!
 You miss the Uruk-hai.
 The Uruk-hai picks up a cursed iron skull cap.
 The Uruk-hai hits!
 You hit the Uruk-hai!
 The Uruk-hai hits!
 You hear a nearby zap.
 The magic missile misses the Uruk-hai.
 The magic missile whizzes by you!
 The magic missile bounces!
 The magic missile whizzes by you!
 The magic missile misses the Uruk-hai.
 The Uruk-hai misses!
 You miss the Uruk-hai.
 The Uruk-hai hits!
 You hear a nearby zap.
 The Uruk-hai is killed by the magic missile!
 The magic missile whizzes by you!
 The magic missile bounces!
 The magic missile hits you!
 The Uruk-hai picks up a cursed pair of hard shoes.
 You hit the Uruk-hai!
 You hit the Uruk-hai!
 The Uruk-hai picks up a food ration.
 The Uruk-hai misses!
 The Uruk-hai hits!
 The Uruk-hai hits!
 The Uruk-hai picks up 3 poisoned crude arrows.
 The Uruk-hai hits!
 The Uruk-hai hits!
 You die...
 Do you want your possessions identified? [ynq] (y) y
 Do you want to see your attributes? [ynq] (y) q

Inventory:
 Coins    ('$')
  $ - 127 gold pieces
 Weapons  (')')
  m - a cursed +0 bow
  j - 6 +0 darts
  s - a cursed -3 flail
  a - a blessed +2 mace (weapon in right hand)
 Armor    ('[')
  c - a +0 small shield (being worn)
  b - a blessed +0 robe (being worn)
  i - a blessed +2 chain mail (being worn)
 Comestibles  ('%')
  e - a clove of garlic
  o - 2 food rations
  q - a cursed lembas wafer
  f - a sprig of wolfsbane
 Spellbooks  ('+')
  g - a blessed spellbook of healing
  l - a spellbook of healing
  h - a spellbook of protection
 Potions  ('!')
  d - 3 potions of holy water
 Rings    ('=')
  B - a cursed ring of hunger
  r - a +2 ring of protection
 Tools    ('(')
  C - an empty sack
  n - a stethoscope
  p - a tin opener

DaveT the Priest's attributes:

Background:
 You were an Adept, a level 6 human Priest.
 You were lawful, nominally on a mission for Blind Io
 who was opposed by The Lady (neutral) and Offler (chaotic).
 You were right-handed.
 You were in the Gnomish Mines, on level 4.
 You entered the dungeon 1627 turns ago.
 It was the midnight hour.
 There was a new moon in effect when your adventure ended.
 You had 457 experience points, 183 more were needed to attain level 7.

Basics:
 You had 0 out of 42 hit points.
 You had 54 out of 62 energy points (spell power).
 Your armor class was 0.
 Your wallet contained 127 zorkmids.
 Autopickup was off.

Final Characteristics:
 Your strength was 15 (peak:18, limit:18/100).
 Your dexterity was 11 (limit:18).
 Your constitution was 11 (peak:12, limit:18).
 Your intelligence was 10 (limit:18).
 Your wisdom was 16 (limit:18).
 Your charisma was 10 (limit:18).

Final Status:
 You weren't hungry.
 You were burdened; movement was slightly slowed.
 You were wielding a mace.
 You had basic skill with mace and could have enhanced that.

Final Attributes:
 You were devoutly aligned.
 You were guarded.
 Your spell casting was impaired by metallic armor, mitigated by your robe.
 You are dead.

Miscellaneous:
 You didn't encounter any bones levels.
 Total elapsed playing time was 8 minutes and 35 seconds.

Major events:
 Turn
    1: DaveT the lawful human Priest entered the dungeon
  845: attained the rank of Acolyte (level 3)
  999: attained the rank of Adept (level 6)
 1179: entered the Gnomish Mines
 1627: killed by an Uruk-hai

Spells:
 Name                 Level Category     Fail Retention
 healing                1   healing       22%  76%-100%
 protection             1   clerical      38%  91%-100%

Skills:
 Fighting Skills
   bare handed combat [Unskilled]
 Weapon Skills
   club               [Unskilled]
   mace               [Basic]
   morning star       [Unskilled]
   flail              [Unskilled]
   hammer             [Unskilled]
   quarterstaff       [Unskilled]
   polearms           [Unskilled]
   spear              [Unskilled]
   trident            [Unskilled]
   lance              [Unskilled]
   bow                [Unskilled]
   sling              [Unskilled]
   crossbow           [Unskilled]
   dart               [Unskilled]
   shuriken           [Unskilled]
   boomerang          [Unskilled]
   unicorn horn       [Unskilled]
 Spellcasting Skills
   healing spells     [Unskilled]
   divination spells  [Unskilled]
   clerical spells    [Basic]

Voluntary challenges:
 Character rerolling was not enabled.
 You were an atheist.
 You never genocided any monsters.
 You never polymorphed an object.
 You never changed form.
 You used no wishes.
Achievements:
 You attained the rank of Acolyte.
 You attained the rank of Adept.
 You entered the Gnomish Mines.
 You entered a shop.

 The Dungeons of Doom: levels 1 to 4
    Level 1:
       A fountain.
    Level 2:
    Level 3:
       A ring shop, some fountains.
       Stairs down to The Gnomish Mines.
    Level 4:
 The Gnomish Mines:
    Level 4: <- You were here.
       Final resting place for
          you, killed by an Uruk-hai.


Vanquished creatures:
  a bugbear
  3 Uruk-hai
  a pony
 15 fog clouds
  a gnome leader
  a gnomish wizard
 an iguana
  a yellow mold
  a gnome
  a gnome zombie
  a gecko
  9 jackals
  a fox
  a sewer rat
  2 grid bugs
  5 lichens
  a kobold zombie
  a newt
47 creatures vanquished.

No species were genocided or became extinct.

Game over:
                       ----------
                      /          \
                     /    REST    \
                    /      IN      \
                   /     PEACE      \
                  /                  \
                  |      DaveT       |
                  |      127 Au      |
                  |   killed by an   |
                  |     Uruk-hai     |
                  |                  |
                  |                  |
                  |       2026       |
                 *|     *  *  *      | *
        _________)/\\_//(\/(/\)/\//\/|_)_______

Goodbye DaveT the Priest...

You died in The Gnomish Mines on dungeon level 4 with 2093 points,
and 127 pieces of gold, after 1627 moves.
You were level 6 with a maximum of 42 hit points when you died.

